 Dungeon Crawl Stone Soup version 0.29-a0-330-g52719c12eb (webtiles) character file.

Game seed: 6698862688773561847

13345 siradein the Fighter (level 11, -1/103 HPs)
             Began as a Minotaur Fighter on Apr 12, 2022.
             Was an Initiate of Gozag.
             Slain by a spatial maelstrom (10 damage)
             ... on level 1 of the Abyss.
             The game lasted 00:43:59 (13571 turns).

siradein the Fighter (Minotaur Fighter)            Turns: 13571, Time: 00:44:00

Health: -1/103     AC: 18    Str: 23    XL:     11   Next: 74%
Magic:  10/10      EV:  8    Int:  5    God:    Gozag
Gold:   208        SH: 16    Dex: 12    Spells: 10/10 levels left

rFire   . . .      SeeInvis .   g - +9 staff of Olgreb {rPois∞}
rCold   . . .      Faith    .   C - +0 tower shield
rNeg    . . .      Spirit   .   L - +3 scale mail
rPois   ∞          Reflect  .   (helmet restricted)
rElec   .          Harm     .   K - +2 cloak
rCorr   .          Rampage  .   r - +0 pair of gloves
Will    .....                   z - +0 pair of boots
Stlth   ..........              (no amulet)
HPRegen 0.27/turn               (no ring)
MPRegen 0.12/turn               (no ring)

@: about to teleport, hasted, very quick
A: horns 2, retaliatory headbutt
a: Renounce Religion, Evoke the Staff of Olgreb, Potion Petition, Call Merchant,
Bribe Branch


You were on level 1 of the Abyss.
You worshipped Gozag.
Gozag was aware of your devotion.
You visited 2 branches of the dungeon, and saw 12 of its levels.
You visited the Abyss 1 time.
You also visited: Sewer.

You collected 1696 gold pieces.
You spent 1400 gold pieces at shops.
You paid 88 gold pieces to Gozag.

Inventory:

Hand Weapons
 g - the +9 staff of Olgreb (weapon) {rPois∞}
   (You bought it in a shop on level 9 of the Dungeon)

   If the wielder is skilled in Evocations, they can envenom those struck by it,
   dealing poison damage which bypasses armour.
   It enhances your poison magic.
   It grants immunity to poison.
   It can be activated via the 'a'bility menu to radiate toxic energy, with
   effectiveness depending on Evocations skill.
Missiles
 c - a throwing net
Armour
 r - a +0 pair of gloves (worn)
 z - a +0 pair of boots (worn)
 C - a +0 tower shield (worn)
 K - a +2 cloak (worn)
 L - a +3 scale mail (worn)
Jewellery
 A - a ring of fire
 D - the ring of the Flying Gods {Ice rElec Will- rCorr}
   (You found it on level 6 of the Dungeon)

   [ring of ice]

   It enhances your ice magic.
   rF:        It makes you vulnerable to fire.
   rC:        It protects you from cold.
   rElec:     It insulates you from electricity.
   rCorr:     It protects you from acid and corrosion.
   Will:      It decreases your willpower.
Wands
 o - a wand of mindburst (7)
 s - a wand of charming (3)
 y - a wand of flame (15)
 I - a wand of polymorph (2)
Scrolls
 b - 9 scrolls of fog
 f - 3 scrolls of amnesia
 i - a scroll of holy word {unknown}
 j - 4 scrolls of teleportation
 m - 3 scrolls of enchant weapon
 t - a scroll of silence {unknown}
 v - a scroll of fear {unknown}
 w - a scroll of torment {unknown}
 F - 3 scrolls of summoning
 G - 2 scrolls of magic mapping {unknown}
 H - 3 scrolls of immolation {unknown}
Potions
 a - a potion of ambrosia
 d - 2 potions of might
 e - 2 potions of mutation {unknown}
 h - 3 potions of haste
 k - 4 potions of curing
 l - a potion of berserk rage {unknown}
 n - a potion of flight {unknown}
 p - a potion of attraction {unknown}
 q - 3 potions of heal wounds
 u - 2 potions of resistance
 x - a potion of cancellation {unknown}
 B - a potion of degeneration {unknown}
 E - 3 potions of brilliance {unknown}
 J - a potion of lignification {unknown}


   Skills:
 + Level 11.6 Fighting
 - Level 10.9(11.1) Maces & Flails
 + Level 2.7(7.4) Staves
 + Level 11.6 Armour
 + Level 3.2 Dodging
 + Level 11.6 Shields
 + Level 3.2 Evocations


You had 10 spell levels left.
You didn't know any spells.
Your spell library contained the following spells:

 Spells                   Type           Power      Damage    Failure   Level
 Beastly Appendage        Tmut           0%         N/A       99%         1
 Blink                    Tloc           0%         N/A       100%        2
 Wereblood                Tmut           0%         N/A       100%        2
 Dazzling Flash           Conj/Hex       0%         N/A       100%        3
 Lesser Beckoning         Tloc           0%         N/A       100%        3
 Spider Form              Tmut/Pois      0%         N/A       100%        3
 Tukima's Dance           Hex            0%         N/A       100%        3
 Passage of Golubria      Tloc           0%         N/A       100%        4
 Agony                    Necr           0%         N/A       100%        5
 Manifold Assault         Tloc           0%         N/A       100%        5
 Silence                  Hex/Air        0%         N/A       100%        5
 Yara's Violent Unravell  Hex/Tmut       0%         3d3       100%        5


Dungeon Overview and Level Annotations

Branches:
Dungeon (11/15)            Temple (1/1) D:5            Lair (0/6) D:10
    Orc (0/2) D:10          Sewer (visited)

Altars:
Ashenzari
Cheibriados
Dithmenos
Elyvilon
Fedhas
Gozag
Hepliaklqana
Kikubaaqudgha
Makhleb
Nemelex Xobeh
Okawaru
Qazlal
Ru
Sif Muna
Trog
Uskayaw
Vehumet
Wu Jian
Xom
Yredelemnul
Zin
The Shining One

Shops:
D:3 (   D:9 *

Annotations:
D:10 1 runed translucent door
D:11 Psyche


Innate Abilities, Weirdness & Mutations

You have a pair of horns on your head.
You reflexively headbutt those who attack you in melee.


Message History

You feel yourself speed up.
You feel much better.
As you read the scroll of teleportation, it crumbles to dust.
You feel strangely unstable.
You feel the power of the Abyss delaying your translocation!
You block the chaos spawn's attack.
A spatial vortex comes into view.
The thrashing horror barely misses you. x2
You block the spatial maelstrom's attack. x2
The thrashing horror roars!
The thrashing horror attacks as you move away!
You block the thrashing horror's attack.
The thrashing horror tramples you but does no damage.
You block the thrashing horror's attack.
The thrashing horror tramples you.
You stumble backwards!
The thrashing horror roars!
You block the thrashing horror's attack. x2
The thrashing horror roars!
You block the thrashing horror's attack.
The thrashing horror barely misses you.
A spatial vortex comes into view.
The spatial maelstrom barely misses you.
You furiously retaliate!
You headbutt the spatial maelstrom. The spatial maelstrom hits you.
Space warps around you.
* * * LOW HITPOINT WARNING * * *
The spatial vortex attacks as you move away!
You block the spatial vortex's attack.
The spatial maelstrom attacks as you move away!
You block the spatial maelstrom's attack.
The spatial maelstrom hits you.
* * * LOW HITPOINT WARNING * * *
Space warps around you.
* * * LOW HITPOINT WARNING * * *
The spatial maelstrom hits you.
* * * LOW HITPOINT WARNING * * *
Space warps around you.
* * * LOW HITPOINT WARNING * * *
The spatial maelstrom hits you!
You die...
Your body crumbles into a pile of gold.

### #.## ###..#####
# . .#D4..... .#.
####v###......# #
##..####...v#.#.
####..##.#.v... ..
#.@vX.xv...#....###
#..#.#.....##.#.....
##.....#.##.##.##.##
#..#.#....## v. ..
####...#...vv...# .
##..#...# .#####
.#.#.v.v...... ..##
D#.##. . .# #§#.##
.#


You could see a spatial maelstrom, 2 spatial vortices, a thrashing horror, a
chaos spawn and a small abomination.

Vanquished Creatures
  Harold (D:9)
  6 two-headed ogres
  A manticore (D:11)
  Maurice (D:9)
  2 trolls (D:10)
  8 yaks (D:9)
  3 wyverns
  A steam dragon (D:7)
  A basilisk (D:11)
  6 vampire mosquitoes
  Edmund (D:5)
  3 acid dragons (D:10)
  5 water moccasins
  Pargi (Sewer)
  2 black bears
  An orc warrior (D:5)
  2 sky beasts (D:5)
  5 wolves (D:10)
  2 ogres
  2 phantoms (D:5)
  2 bullfrogs (D:8)
  A necrophage (D:7)
  5 scorpions
  5 wights (D:6)
  32 killer bees
  5 howler monkeys
  6 orc priests
  2 hounds
  A jelly (D:8)
  A gnoll shaman (D:6)
  3 iguanas
  7 orc wizards
  Natasha (thrice) (D:3)
  3 gnolls (D:6)
  9 adders
  2 river rats (D:5)
  2 shadow imps
  4 white imps
  2 ufetubi (D:5)
  3 dart slugs
  32 orcs
  7 ball pythons
  10 endoplasms
  3 goblins
  5 hobgoblins
  2 jackals (D:2)
  6 kobolds
  4 quokkas
  5 bats
  4 frilled lizards
  9 rats
239 creatures vanquished.

Vanquished Creatures (others)
  3 fungi (D:10)
  10 plants (D:10)
13 creatures vanquished.

Grand Total: 252 creatures vanquished

Notes
Turn   | Place    | Note
-------+----------+-------------------------------------------
     0 | D:1      | siradein the Minotaur Fighter began the quest for the Orb.
     0 | D:1      | Reached XP level 1. HP: 19/19 MP: 0/0
   382 | D:1      | Reached XP level 2. HP: 27/27 MP: 1/1
   803 | D:2      | Reached XP level 3. HP: 9/33 MP: 2/2
  1986 | D:2      | Found a faded altar of an unknown god.
  2127 | D:3      | Reached XP level 4. HP: 41/41 MP: 3/3
  2299 | D:3      | Found Nad Pycso's Antique Weapon Shoppe.
  2523 | D:3      | Noticed Natasha
  2535 | D:3      | Killed Natasha
  2536 | D:3      | Reached XP level 5. HP: 23/47 MP: 4/4
  2828 | D:3      | Noticed Natasha
  2846 | D:3      | Killed Natasha
  2921 | D:3      | Found Nad Pycso's Antique Weapon Shoppe.
  3219 | D:3      | Noticed Natasha
  3229 | D:3      | Killed Natasha
  3351 | D:4      | Reached skill level 5 in Fighting
  3351 | D:4      | Reached skill level 5 in Armour
  3351 | D:4      | Reached skill level 5 in Shields
  3553 | D:4      | Noticed a two-headed ogre
  3668 | D:4      | Reached XP level 6. HP: 45/56 MP: 5/5
  3988 | D:4      | Reached skill level 5 in Maces & Flails
  3988 | D:4      | Reached XP level 7. HP: 62/62 MP: 6/6
  4862 | D:5      | Entered Level 5 of the Dungeon
  4985 | D:5      | Found a glowing drain.
  4999 | Sewer    | Entered a sewer
  5133 | Sewer    | Noticed Pargi
  5157 | Sewer    | Killed Pargi
  5158 | Sewer    | Reached XP level 8. HP: 56/71 MP: 7/7
  5746 | D:5      | Noticed Edmund
  5835 | D:5      | Killed Edmund
  6292 | D:5      | Found a staircase to the Ecumenical Temple.
  6300 | Temple   | Entered the Ecumenical Temple
  6615 | Temple   | Became a worshipper of Gozag Ym Sagoz the Greedy
  6798 | D:6      | Noticed a two-headed ogre
  7606 | D:6      | Reached XP level 9. HP: 71/81 MP: 8/8
  7877 | D:6      | Identified the ring of the Flying Gods {Ice rElec Will-
                  | rCorr}
  9116 | D:8      | Noticed a two-headed ogre
  9131 | D:8      | Killed a two-headed ogre
  9132 | D:8      | Reached XP level 10. HP: 60/91 MP: 9/9
  9390 | D:8      | Noticed a two-headed ogre
  9405 | D:8      | Killed a two-headed ogre
 10012 | D:9      | Noticed Maurice
 10012 | D:9      | Noticed a two-headed ogre
 10057 | D:8      | Killed a two-headed ogre
 10058 | D:8      | Reached skill level 10 in Fighting
 10058 | D:8      | Reached skill level 10 in Armour
 10058 | D:8      | Reached skill level 10 in Shields
 10611 | D:9      | Reached skill level 10 in Maces & Flails
 10973 | D:9      | Found Otiuhidas's General Store.
 11178 | D:9      | Killed Maurice
 11179 | D:9      | Reached XP level 11. HP: 96/101 MP: 10/10
 11381 | D:9      | Noticed Harold
 11413 | D:9      | Killed Harold
 11414 | D:9      | Reached skill level 1 in Evocations
 11623 | D:10     | Entered Level 10 of the Dungeon
 11894 | D:10     | Reached skill level 1 in Dodging
 12108 | D:10     | Found a staircase to the Lair.
 12135 | D:10     | Found a runed translucent door.
 12323 | D:9      | Bought the +9 staff of Olgreb {rPois∞} for 1400 gold pieces
 12323 | D:9      | Found the +9 staff of Olgreb {rPois∞}
 12608 | D:10     | Found a white marble altar of Elyvilon.
 12661 | D:10     | Noticed a two-headed ogre
 12677 | D:10     | Killed a two-headed ogre
 12678 | D:10     | Reached skill level 1 in Staves
 12843 | D:10     | Found a staircase to the Orcish Mines.
 12922 | D:10     | Identified the +10 war axe of Entrepreneurial Spirit
                  | {venom, Drain Fly rPois SInv}
 12923 | D:10     | Noticed a green ugly thing
 13279 | D:11     | Noticed a two-headed ogre
 13290 | D:11     | Killed a two-headed ogre
 13385 | D:11     | Noticed a two-headed ogre
 13399 | D:11     | Killed a two-headed ogre
 13485 | D:11     | Noticed Psyche
 13490 | D:11     | Cast into level 1 of the Abyss (Psyche)
 13544 | Abyss:1  | Noticed a spatial maelstrom
 13546 | Abyss:1  | Noticed a quicksilver dragon
 13548 | Abyss:1  | Noticed a thrashing horror
 13560 | Abyss:1  | HP: 5/103 [chaos spawn (1)]
 13571 | Abyss:1  | Slain by a spatial maelstrom

Illustrated notes

Levels and vault maps discovered:
D:1:      saegor_arrival_under_anarchy, layout_basic, nrook_uturn
D:2:      layout_loops_ring, shapermc_ecumenical_altar_flowoftime
D:3:      layout_basic, serial_shops, nicolae_shop_advertising_works
          [nicolae_subvault_shop_adworks], st_stairs_13, uniq_natasha
D:4:      layout_layer_cave
D:5:      layout_gridville, minmay_temple_entry_enclosed_plants,
          gup_sewer_entry_bubbles, due_unseen_surprise, uniq_edmund
D:6:      layout_gridville, grunt_decor_junction
D:7:      layout_basic
D:8:      layout_loops_ring
D:9:      layout_long_grid, serial_shops, nicolae_shop_statue_plus,
          uniq_maurice, uniq_harold
D:10:     layout_loops_ring, kennysheep_little_box, minmay_lair_entry_grove,
          orc_0_dummy, minmay_st_funbox
D:11:     layout_layer_cave, gauntlet_entry_generic, uniq_psyche
Temple:   roderic_octagonal_lattice_temple
Abyss:1:  base: D:8, minivault_28

Skill      XL: |  1  2  3  4  5  6  7  8  9 10 11 |
---------------+----------------------------------+-----
Fighting       | 4 5 6 7 9 10 11 | 11.6
Armour         | 4 5 6 8 9 10 11 | 11.6
Shields        | 4 5 6 7 9 10 11 | 11.6
Maces & Flails | 3 4 5 6 7 9 10 | 10.9
Evocations     | 3 |  3.2
Dodging        | 3 |  3.2
Staves         | 2 |  2.7

Action                   |  1- 3 |  4- 6 |  7- 9 | 10-12 || total
-------------------------+-------+-------+-------+-------++-------
Melee: Flail             |    83 |    59 |   240 |   340 ||   722
       Headbutt          |     3 |    16 |    72 |    75 ||   166
       Mace              |       |    34 |   214 |       ||   248
       Staff             |       |       |       |    51 ||    51
Throw: Throwing net      |       |       |       |     1 ||     1
 Abil: Evoke the Staff o |       |       |       |     7 ||     7
Evoke: Wand              |       |       |     2 |     5 ||     7
  Use: Scroll            |       |       |     7 |     5 ||    12
       Potion            |       |       |     1 |     1 ||     2
 Stab: Distracted        |       |       |       |     1 ||     1
Armor: Chain mail        |    69 |    74 |   310 |   102 ||   555
       Scale mail        |       |       |       |   131 ||   131
Dodge: Dodged            |    29 |    36 |   109 |    81 ||   255
Block: Buckler           |    20 |    26 |    76 |       ||   122
       Tower shield      |       |       |   192 |   374 ||   566

Table legend: (Time is in decaauts)
 A = Elapsed time spent in this place.
 B = Non-inter-level travel time spent in this place.
 C = Inter-level travel time spent in this place.
 D = Time resting spent in this place.
 E = Time spent auto-exploring this place.
 F = Levels seen in this place.
 G = Mean time per level.
                   A        B        C        D        E       F      G
               +--------+--------+--------+--------+--------+-----+--------+
         Total |  13872 |  13583 |    289 |    904 |   9692 |  14 |  990.9 |
       Dungeon |  13116 |  12827 |    289 |    904 |   9182 |  11 | 1192.4 |
        Temple |    336 |    336 |      0 |      0 |    255 |   1 |  336.0 |
         Abyss |     77 |     77 |      0 |      0 |      0 |   1 |   77.0 |
         Sewer |    342 |    342 |      0 |      0 |    254 |   1 |  342.0 |
               +--------+--------+--------+--------+--------+-----+--------+

Top non-repeatable levels by time:
     D:8: 1936 daAuts
     D:4: 1516 daAuts
     D:5: 1501 daAuts
     D:9: 1449 daAuts
     D:2: 1333 daAuts
     D:3: 1325 daAuts
    D:10: 1298 daAuts
     D:6: 1013 daAuts
     D:1: 770 daAuts
     D:7: 686 daAuts
   Sewer: 342 daAuts
  Temple: 336 daAuts
    D:11: 285 daAuts
 Abyss:1: 77 daAuts
